 Dungeon Crawl Stone Soup version 0.27-a0-1579-g97d2440184 (webtiles) character file.

Game seed: 3589370457637616699

4611 Spaninq the Cleaver (level 10, -6/82 HPs)
             Began as a Human Gladiator on July 17, 2021.
             Was a Believer of Ashenzari.
             Succumbed to a hornet's poison
             ... on level 8 of the Dungeon.
             The game lasted 00:22:48 (10884 turns).

Spaninq the Cleaver (Human Gladiator)              Turns: 10884, Time: 00:22:48

Health: -6/82      AC: 15    Str: 17    XL:     10   Next: 69%
Magic:  10/10      EV: 11    Int: 10    God:    Ashenzari [**....]
Gold:   521        SH:  0    Dex: 14    Spells: 9/9 levels left

rFire    . . .     SeeInvis +   w - +1 executioner's axe (flame)
rCold    . . .     Faith    .   (shield currently unavailable)
rNeg     . . .     Spirit   .   p - +0 plate armour "I Knew You'd Do That" {Evo, Melee} (curse)
rPois    .         Reflect  .   c - +0 helmet of Ouranomancy {Melee, Elem} (curse)
rElec    .         Harm     .   (no cloak)
rCorr    .         Rampage  .   (no gloves)
Will     +....                  o - +0 pair of boots of the Prescient Sybil {Self, Evo} (curse)
Stlth    ..........             (no amulet)
HPRegen  0.23/turn              A - ring of willpower
MPRegen  0.12/turn              d - +4 ring of evasion

@: lethally poisoned (-6 -> -26), slowed, very slow
A: no striking features
a: Renounce Religion, Shatter the Chains


You were on level 8 of the Dungeon.
You worshipped Ashenzari.
Ashenzari was pleased with you.
You visited 2 branches of the dungeon, and saw 9 of its levels.

You collected 521 gold pieces.

Inventory:

Hand Weapons
 v - a +0 whip of electrocution
 w - a +1 executioner's axe of flaming (weapon)
Armour
 c - the cursed +0 helmet of Ouranomancy (worn) {Melee, Elem}

   It has a curse which improves the following skills: Melee Combat: Short
   Blades, Long Blades, Axes, Maces & Flails, Polearms, Staves and Unarmed
   Combat.
   Elements:  Fire Magic, Ice Magic, Air Magic and Earth Magic.
 o - the cursed +0 pair of boots of the Prescient Sybil (worn) {Self, Evo}
   (You found it on level 2 of the Dungeon)

   It has a curse which improves the following skills: Introspection: Fighting
   and Spellcasting.
   Evocations: Evocations.
 p - the cursed +0 plate armour "I Knew You'd Do That" (worn) {Evo, Melee}
   (You took it off a goblin on level 2 of the Dungeon)

   It has a curse which improves the following skills: Evocations: Evocations.
   Melee Combat: Short Blades, Long Blades, Axes, Maces & Flails, Polearms,
   Staves and Unarmed Combat.
Jewellery
 d - a +4 ring of evasion (right hand)
 q - a ring of resist corrosion
 t - a ring of protection from fire
 A - a ring of willpower (left hand)
Wands
 e - a wand of digging (7)
 i - a wand of polymorph (5)
 r - a wand of flame (34)
 s - a wand of acid (5)
Scrolls
 b - a scroll of magic mapping
 f - a scroll of amnesia
 g - a scroll of fear
 h - a scroll of fog
 k - a scroll of enchant armour
 u - 2 scrolls of teleportation
Potions
 a - 2 potions of might
 j - a potion of brilliance
 z - 2 potions of magic


   Skills:
 + Level 7.0(8.5) Fighting
 * Level 10.0(12.1) Axes
 - Level 2.0 Throwing
 + Level 6.5 Armour
 + Level 7.3 Dodging


You had 9 spell levels left.
You didn't know any spells.
Your spell library contained the following spells:

 Spells                   Type           Power      Damage    Failure   Level
 Shock                    Conj/Air       0%         1d3       100%        1
 Gell's Gravitas          Tloc           0%         N/A       100%        3
 Lesser Beckoning         Tloc           0%         N/A       100%        3
 Stone Arrow              Conj/Erth      0%         3d7       100%        3
 Swiftness                Air            0%         N/A       100%        3
 Teleport Other           Tloc           0%         N/A       100%        3
 Airstrike                Air            0%         N/A       100%        4
 Fulminant Prism          Conj/Hex       0%         3d6       100%        4
 Iskenderun's Mystic Bla  Conj/Tloc      0%         2d3       100%        4
 Bolt of Magma            Conj/Fire/Erth 0%         4d4       100%        5
 Lee's Rapid Deconstruct  Erth           0%         3d5*      100%        5
 Shatter                  Erth           0%         3d5*      100%        9


Dungeon Overview and Level Annotations

Branches:
Dungeon (8/15)             Temple (1/1) D:5
   Lair: D:8-11

Altars:
Ashenzari
Elyvilon
Hepliaklqana
Nemelex Xobeh
Okawaru
Ru
Sif Muna
Uskayaw
Vehumet
Xom
Yredelemnul

Shops:
D:6 =


Message History

You feel better. The hornet barely misses you. The hornet stings you!
You feel as though you will be slow longer.
The hornet stings you.
You are poisoned.
You feel as though you will be slow longer.
Okay, then.
You barely miss the hornet.
The hornet is severely wounded.
You feel very sick.
The hornet stings you but does no damage. x2
The hornet stings you!
* * * LOW HITPOINT WARNING * * *
You feel as though you will be slow longer.
You miss the hornet.
The hornet is heavily wounded.
You feel sick.
The hornet stings you but does no damage.
The hornet misses you. The hornet stings you.
* * * LOW HITPOINT WARNING * * *
You feel as though you will be slow longer.
You slash the hornet! You burn the hornet.
The hornet is almost dead.
You feel very sick. The hornet closely misses you. The hornet stings you.
* * * LOW HITPOINT WARNING * * *
You are more poisoned.
You feel as though you will be slow longer.
The hornet closely misses you.
You closely miss the hornet.
The hornet is almost dead.
* * * LOW HITPOINT WARNING * * *
You feel very sick. The hornet stings you.
* * * LOW HITPOINT WARNING * * *
You are more poisoned.
You feel as though you will be slow longer.
The hornet barely misses you. The hornet closely misses you.
You miss the hornet.
The hornet is almost dead.
You die...

..............##..#..#
...###).)......##.....#
...####.....>.........#
.....#......#......####
............##..##..#.#
.#.###.....)###.......##
##...#..>.)<###.........*
##...##...))..#.......# *
#....##..[[.....@.....#
.....#####.####.y....##
....###, .... #...####
....#.# ......#..##
......#.......#..# *
..#..##.......#...
..#####.......#..$ *
....###########... *
.....# ,


You could see a hornet.

Vanquished Creatures
  Pikel (D:4)
  A hornet (D:8)
  Prince Ribbit (D:5)
  A water moccasin (D:5)
  9 orc warriors
  2 ice beasts
  2 sky beasts (D:6)
  A necrophage (D:3)
  3 centaurs
  An ogre (D:6)
  4 phantoms
  A lemure (D:3)
  A scorpion (D:6)
  A bullfrog (D:4)
  2 wyvern zombies
  A killer bee (D:7)
  5 wights (D:7)
  A bullfrog zombie (D:5)
  A centaur zombie (D:7)
  5 hounds
  A jelly (D:6)
  7 orc priests
  4 bullfrog skeletons
  A centaur skeleton (D:6)
  A gnoll shaman (D:7)
  4 iguanas
  8 orc wizards
  A killer bee zombie (D:5)
  6 adders
  4 gnolls (D:2)
  A shadow imp (D:8)
  2 white imps
  An ufetubus (D:4)
  An adder skeleton (D:4)
  An adder zombie (D:5)
  A worm (D:3)
  5 dart slugs
  56 orcs
  11 bats
  2 endoplasms (D:1)
  6 giant cockroaches
  10 goblins
  4 hobgoblins
  10 jackals
  8 kobolds
  3 quokkas
  4 ball pythons
  2 frilled lizards
  3 rats
212 creatures vanquished.

Vanquished Creatures (others)
  2 jackals (D:1)
2 creatures vanquished.

Grand Total: 214 creatures vanquished

Notes
Turn   | Place    | Note
-------+----------+-------------------------------------------
     0 | D:1      | Spaninq the Human Gladiator began the quest for the Orb.
     0 | D:1      | Reached XP level 1. HP: 16/16 MP: 1/1
   105 | D:1      | Reached XP level 2. HP: 21/22 MP: 2/2
   203 | D:1      | Reached XP level 3. HP: 21/27 MP: 3/3
   379 | D:1      | Reached skill level 1 in Armour
  1110 | D:2      | Reached XP level 4. HP: 8/34 MP: 4/4
  1634 | D:2      | Found a faded altar of an unknown god.
  1706 | D:2      | Reached skill level 4 in Axes
  2009 | D:2      | Reached XP level 5. HP: 28/39 MP: 5/5
  2861 | D:3      | Noticed a necrophage
  2872 | D:3      | Killed a necrophage
  2873 | D:3      | Reached XP level 6. HP: 38/47 MP: 6/6
  3173 | D:4      | Reached skill level 5 in Axes
  3272 | D:4      | Reached XP level 7. HP: 29/52 MP: 7/7
  3902 | D:4      | Noticed Pikel
  4263 | D:4      | Killed Pikel
  4264 | D:4      | Reached skill level 6 in Axes
  4264 | D:4      | Reached skill level 5 in Dodging
  4264 | D:4      | Reached XP level 8. HP: 43/61 MP: 8/8
  4515 | D:5      | Entered Level 5 of the Dungeon
  5173 | D:5      | Reached skill level 7 in Axes
  5208 | D:5      | Reached skill level 5 in Fighting
  5208 | D:5      | Reached XP level 9. HP: 43/68 MP: 9/9
  5531 | D:5      | Noticed Prince Ribbit
  5551 | D:5      | Killed Prince Ribbit
  5641 | D:5      | Found a staircase to the Ecumenical Temple.
  5850 | D:5      | Found a shimmering blue altar of Sif Muna.
  5904 | Temple   | Entered the Ecumenical Temple
  5910 | Temple   | Became a worshipper of Ashenzari the Shackled
  6072 | D:6      | Reached skill level 8 in Axes
  6177 | D:6      | Reached skill level 5 in Armour
  6502 | D:6      | Found Icappowo's Jewellery Boutique.
  7282 | D:7      | Reached * piety under Ashenzari
  7425 | D:7      | Reached XP level 10. HP: 72/79 MP: 10/10
  7431 | D:7      | Reached skill level 9 in Axes
  7733 | D:7      | Found a basalt altar of Yredelemnul.
  9458 | D:8      | Found a sacrificial altar of Ru.
  9598 | D:8      | Reached ** piety under Ashenzari
  9679 | D:8      | HP: 2/81 [orc warrior (12)]
  9711 | D:8      | HP: 4/81 [orc wizard/magic dart (9)]
 10425 | D:8      | Paralysed by a hornet for 1 turns
 10566 | D:8      | Reached skill level 10 in Axes
 10873 | D:8      | Paralysed by a hornet for 1 turns
 10883 | D:8      | HP: 3/82 [hornet (5)]
 10884 | D:8      | Succumbed to a hornet's poison

Illustrated notes

Levels and vault maps discovered:
D:1:      onia_arrival_pentagram, layout_loops_ring, minmay_crystal_water,
          minmay_misc_feat_roman, minmay_misc_feat_four_crosses,
          chequers_serial_rivers_micro_d, lemuel_old_faithful
D:2:      layout_loops_ring, chequers_ecumenical_altar_simple_redux
D:3:      layout_basic
D:4:      layout_rooms, uniq_pikel
D:5:      layout_loops_corners, tgw_sif, minmay_temple_entry_trees, st_stairs_9,
          uniq_prince_ribbit1
D:6:      layout_rooms, serial_shops, nicolae_take_the_stairs
D:7:      layout_basic, general_overflow_altar, kennysheep_generic_room_7
D:8:      layout_cave_pools, mainiacjoe_overflow_paths, special_room
          [special_room_orc], onia_ninara_dug_in_and_dangerous
Temple:   eino_narrow_crystal_temple

Skill      XL: |  1  2  3  4  5  6  7  8  9 10 |
---------------+-------------------------------+-----
Armour         | 1 2 3 4 5 6 |  6.5
Axes           | 4 5 6 7 8 10 | 10.0
Fighting       | 3 4 5 6 7 |  7.0
Dodging        | 4 5 6 7 |  7.3
Throwing       | |  2.0

Action                   |  1- 3 |  4- 6 |  7- 9 | 10-12 || total
-------------------------+-------+-------+-------+-------++-------
Melee: War axe           |    86 |   156 |   131 |       ||   373
       Executioner's axe |       |       |   198 |   192 ||   390
Invok: Curse Item        |       |       |     2 |     1 ||     3
Evoke: Wand              |       |       |     3 |       ||     3
  Use: Potion            |       |       |     2 |     3 ||     5
       Scroll            |       |       |     3 |     2 ||     5
 Stab: Sleeping          |     1 |     2 |       |       ||     3
Armor: Leather armour    |    37 |    14 |       |       ||    51
       Plate armour      |       |    94 |   335 |   126 ||   555
Dodge: Dodged            |    67 |    85 |   201 |   140 ||   493

Table legend: (Time is in decaauts)
 A = Elapsed time spent in this place.
 B = Non-inter-level travel time spent in this place.
 C = Inter-level travel time spent in this place.
 D = Time resting spent in this place.
 E = Time spent auto-exploring this place.
 F = Levels seen in this place.
 G = Mean time per level.
                   A        B        C        D        E       F      G
               +--------+--------+--------+--------+--------+-----+--------+
         Total |  11204 |  10639 |    565 |   3125 |   5134 |   9 | 1244.9 |
       Dungeon |  11191 |  10626 |    565 |   3125 |   5134 |   8 | 1398.9 |
        Temple |     12 |     12 |      0 |      0 |      0 |   1 |   12.0 |
               +--------+--------+--------+--------+--------+-----+--------+

Top non-repeatable levels by time:
     D:7: 3271 daAuts
     D:5: 1637 daAuts
     D:2: 1515 daAuts
     D:1: 1157 daAuts
     D:4: 1141 daAuts
     D:8: 936 daAuts
     D:3: 802 daAuts
     D:6: 730 daAuts
  Temple: 12 daAuts
